 Dungeon Crawl Stone Soup version 0.31-a0-844-gdc52ec4e09 (webtiles) character file.

Game seed: 5014465274004143793

2588 CrazyBamboolord the Covert (level 9, -1/64 (67) HPs)
             Began as a Vine Stalker Necromancer on Sept 30, 2023.
             Slain by a steam dragon (3 damage)
             ... on level 7 of the Dungeon.
             The game lasted 00:12:36 (6251 turns).

CrazyBamboolord the Covert (VSNe)                   Turns: 6251, Time: 00:12:37

HP:   -1/64 (67)    AC: 28    Str: 11    XL:     9   Next: 58%
MP:   0/20          EV:  2    Int: 19    God:
Gold: 333           SH:  0    Dex: 15    Spells: 8/21 levels left

rFire   . . .        m - +2 dagger (flame)
rCold   + . .        x - orb {light}
rNeg    . . .        a - melded +0 robe
rPois   +            l - melded +1 helmet
rElec   .            (cloak currently unavailable)
rCorr   .            (gloves currently unavailable)
SInv    .            (boots currently unavailable)
Will    +....        (no amulet)
Stlth   ++           c - ring of protection from cold
HPRegen 1.10/turn    f - +4 ring of protection
MPRegen 0.17/turn

%: guardian spirit
@: brilliant, tree-form (expiring), glowing, lightly drained
A: stationary, stasis, torment immunity, boosted hp, (fangs 3), regeneration 1,
magic shield, (antimagic bite), no potion heal 2
a: no special abilities


You were on level 7 of the Dungeon.
You were a tree.
You visited 2 branches of the dungeon, and saw 8 of its levels.

You collected 333 gold pieces.

Inventory:

Hand Weapons
 m - a +2 dagger of flaming (weapon)
 r - a +4 dagger
Armour
 a - a +0 robe (melded)
 l - a +1 helmet (melded)
 x - an orb of light (worn)
Jewellery
 c - a ring of protection from cold (left branch)
 f - a +4 ring of protection (right branch)
 E - a ring of fire
Wands
 p - a wand of acid (10)
 v - a wand of mindburst (13)
 w - a wand of iceblast (13)
Scrolls
 d - 2 scrolls of noise
 j - 2 scrolls of fog
 n - a scroll of butterflies
 o - 3 scrolls of amnesia
 q - 3 scrolls of teleportation
 s - 4 scrolls of revelation
 t - a scroll of enchant armour
 y - a scroll of enchant weapon {unknown}
 A - a scroll of poison {unknown}
 B - 2 scrolls of blinking
Potions
 e - a potion of haste {unknown}
 g - a potion of brilliance
 h - a potion of attraction {unknown}
 i - a potion of lignification
 k - a potion of invisibility {unknown}
 u - a potion of mutation {unknown}
 z - 2 potions of curing {unknown}
 C - a potion of cancellation {unknown}
 D - 2 potions of degeneration {unknown}


   Skills:
 + Level 3.9 Fighting
 + Level 3.9 Dodging
 * Level 8.7 Stealth
 * Level 6.7 Spellcasting
 * Level 7.5 Necromancy


You had 8 spell levels left.
You knew the following spells:

 Your Spells              Type           Power      Damage    Failure   Level
a - Necrotise             Necr           100%       1d9       1%          1
b - Vampiric Draining     Necr           51%        2d9       1%          3
c - Animate Dead          Necr           51%        N/A       4%          4
d - Agony                 Necr           51%        N/A       13%         5

Your spell library contained the following spells:

 Spells                   Type           Power      Damage    Failure   Level
 Sting                    Tmut/Pois      36%        1d4       11%         1
 Blink                    Tloc           18%        N/A       16%         2
 Poisonous Vapours        Pois/Air       18%        N/A       16%         2
 Dazzling Flash           Conj/Hex       18%        N/A       30%         3
 Manifold Assault         Tloc           9%         N/A       71%         4
 Olgreb's Toxic Radiance  Pois           9%         N/A       71%         4
 Silence                  Hex/Air        4%         N/A       96%         5


Dungeon Overview and Level Annotations

Branches:
Dungeon (7/15)             Temple (1/1) D:5

Altars:
Ashenzari
Cheibriados
Elyvilon
Hepliaklqana
Makhleb
Nemelex Xobeh
Okawaru
Ru
Sif Muna
Vehumet
Wu Jian
Xom
Yredelemnul
Zin

Annotations:
D:5 2 transporters, Talonman3's ghost, amateur DrCj


Innate Abilities, Weirdness & Mutations

You are a tree.
Your roots penetrate the ground, keeping you stationary.
You cannot be teleported.
You are immune to unholy pain and torment.
Your maximum health is greatly increased.
Your equipment is partially melded.
((You have razor-sharp teeth.))
Your natural rate of healing is unusually fast.
When hurt, damage is shared between your health and your magic reserves.
((Your bite disrupts and absorbs the magic of your enemies.))
Potions cannot restore your health.


Message History

Your orc skeleton is destroyed!
The steam dragon bites you but does no damage.
The steam dragon claws you but does no damage.
Unknown command.
You barely miss the steam dragon.
The steam dragon is lightly wounded.
The steam dragon bites you but does no damage.
The steam dragon claws you.
* * * LOW HITPOINT WARNING * * *
Unknown command.
You hit the steam dragon. You burn the steam dragon.
The steam dragon is moderately wounded.
The steam dragon bites you but does no damage.
The steam dragon claws you but does no damage.
Unknown command.
You hit the steam dragon but do no damage.
The steam dragon is moderately wounded.
The steam dragon bites you but does no damage.
The steam dragon claws you but does no damage.
Unknown command.
You hit the steam dragon but do no damage.
The steam dragon is moderately wounded.
Your transformation is almost over.
The steam dragon bites you but does no damage.
The steam dragon barely misses you.
You barely miss the steam dragon.
The steam dragon is moderately wounded.
The steam dragon bites you but does no damage.
The steam dragon barely misses you.
You hit the steam dragon but do no damage.
The steam dragon is moderately wounded.
The steam dragon breathes steam at you. The ball of steam hits you!!
* * * LOW HITPOINT WARNING * * *
Okay, then.
You hit the steam dragon. You burn the steam dragon.
The steam dragon is moderately wounded.
You are engulfed in a cloud of scalding steam.
The steam dragon bites you. The steam dragon claws you.
You die...

....
##.......5.)D#######
....#
#...##..O###.o......
)...#
#...###....#.s##..##
....# #..###.....#..#
#
..).####...##...#####o
....##ZZ#......#.###
..
.......Z##...D###.§#
##h
#....#####....###§.#
.. #...##
##......#♣### #.
##...###...##.OD##
###..##....###..#
..........###...#
...........##...#
........#......##
#.......##....##
#.......##....#
#.......#......#


You could see a steam dragon (catching breath) and an ogre.

Vanquished Creatures
  Edmund (D:3)
  2 water moccasins
  An orc warrior (D:7)
  An ice beast (D:6)
  A black bear (D:7)
  An ogre (D:6)
  4 centaurs
  2 phantoms
  Blork the orc (D:5)
  2 bullfrogs
  5 scorpions
  5 killer bees (D:7)
  A howler monkey (D:5)
  5 hounds
  An orc priest (D:4)
  A gnoll bouda (D:6)
  2 jellies (D:6)
  A sleepcap (D:6)
  Natasha (thrice) (D:2)
  An iguana (D:4)
  4 orc wizards
  Robin (D:2)
  9 gnolls
  8 adders
  A shadow imp (D:6)
  5 ufetubi
  4 worms
  A dart slug (D:2)
  13 orcs
  5 endoplasms
  3 giant cockroaches
  16 goblins
  6 hobgoblins
  2 quokkas
  4 ball pythons
  2 bats (D:2)
  3 frilled lizards
  7 kobolds
  5 rats
140 creatures vanquished.

Vanquished Creatures (collateral kills)
  A water moccasin (D:7)
  A worm (D:2)
  A goblin (D:2)
3 creatures vanquished.

Vanquished Creatures (others)
  A howler monkey (D:7)
  2 killer bee zombies (D:7)
  A shadow imp (D:7)
  3 orc zombies (D:7)
7 creatures vanquished.

Grand Total: 150 creatures vanquished

Notes
Turn   | Place    | Note
-------+----------+-------------------------------------------
     0 | D:1      | CrazyBamboolord the Vine Stalker Necromancer began the
                  | quest for the Orb.
     0 | D:1      | Reached XP level 1. HP: 9/9 MP: 4/4
    52 | D:1      | Found a faded altar of an unknown god.
   476 | D:1      | Reached XP level 2. HP: 13/13 MP: 0/6
   852 | D:2      | Found a white marble altar of Elyvilon.
  1008 | D:2      | Reached skill level 3 in Stealth
  1008 | D:2      | Noticed Robin
  1021 | D:2      | Reached XP level 3. HP: 17/17 MP: 1/7
  1042 | D:2      | Killed Robin
  1133 | D:2      | Reached XP level 4. HP: 21/21 MP: 6/9
  1387 | D:2      | Reached skill level 1 in Fighting
  1553 | D:2      | Noticed Natasha
  1564 | D:2      | Killed Natasha
  1730 | D:2      | Noticed Natasha
  1736 | D:2      | Killed Natasha
  1737 | D:2      | Reached XP level 5. HP: 24/25 MP: 4/10
  1830 | D:2      | Noticed Natasha
  1836 | D:2      | Killed Natasha
  1837 | D:2      | Reached skill level 4 in Stealth
  2257 | D:3      | Reached XP level 6. HP: 28/30 MP: 4/12
  2696 | D:3      | Learned a level 3 spell: Vampiric Draining
  2892 | D:4      | Noticed Edmund
  2936 | D:3      | Killed Edmund
  2937 | D:3      | Reached skill level 5 in Necromancy
  2994 | D:4      | Reached skill level 5 in Stealth
  2994 | D:4      | Reached XP level 7. HP: 32/35 MP: 9/14
  3121 | D:4      | Found an ornate altar of the Wu Jian Council.
  3616 | D:5      | Entered Level 5 of the Dungeon
  3623 | D:5      | Found a staircase to the Ecumenical Temple.
  3658 | Temple   | Entered the Ecumenical Temple
  3810 | D:5      | Reached skill level 6 in Stealth
  3810 | D:5      | Gained mutation: You have razor-sharp teeth. [Vine Stalker
                  | growth]
  3810 | D:5      | Reached XP level 8. HP: 31/39 MP: 0/16
  3840 | D:5      | Reached skill level 5 in Spellcasting
  4253 | D:5      | Noticed a wyvern
  4254 | D:5      | Noticed Talonman3's ghost (amateur DrCj)
  4257 | D:5      | Found a transporter.
  4260 | D:5      | Found a transporter.
  4461 | D:5      | Noticed Blork the orc
  4470 | D:5      | Killed Blork the orc
  4471 | D:5      | Reached skill level 7 in Stealth
  4480 | D:5      | Learned a level 4 spell: Animate Dead
  5132 | D:6      | Reached XP level 9. HP: 44/44 MP: 6/18
  5767 | D:7      | Learned a level 5 spell: Agony
  5775 | D:7      | Reached skill level 8 in Stealth
  6250 | D:7      | HP: 1/64 [steam dragon/ball of steam (18)]
  6251 | D:7      | Slain by a steam dragon

Illustrated notes

Levels and vault maps discovered:
D:1:      psy_arrival_dodecagon, layout_basic, shapermc_ecumenical_altar_venn
D:2:      layout_basic, basic_altar, uniq_robin, uniq_natasha
D:3:      layout_basic
D:4:      layout_rooms, pdpol_wu_jian_five_deadly_venoms, uniq_edmund
D:5:      layout_basic, minmay_temple_entry_wispy, gammafunk_ghost_arena,
          minmay_fractal_squares_5, uniq_blork_the_orc
D:6:      dreamdust_elfheim, layout_loops_ring
D:7:      wad_guarded_room, layout_rooms, tso_oasis_becter, uniq_pikel
Temple:   nicolae_temple_god_jail

Skill      XL: |  1  2  3  4  5  6  7  8  9 |
---------------+----------------------------+-----
Stealth        | 3 4 5 6 7 8 |  8.7
Fighting       | 1 2 3 |  3.9
Spellcasting   | 3 4 5 6 |  6.7
Dodging        | 2 3 |  3.9
Necromancy     | 5 6 7 |  7.5

Action                     |  1- 3 |  4- 6 |  7- 9 || total
---------------------------+-------+-------+-------++-------
  Melee: Short sword       |    26 |       |       ||    26
         Bite              |    10 |    11 |    29 ||    50
         Punch             |     2 |       |       ||     2
         Dagger            |       |    39 |   128 ||   167
   Cast: Necrotise         |    56 |    92 |   175 ||   323
         Vampiric Draining |       |     2 |    16 ||    18
         Animate Dead      |       |       |     2 ||     2
    Use: Scroll            |       |     4 |     6 ||    10
         Potion            |       |       |     4 ||     4
   Stab: Sleeping          |       |     3 |     2 ||     5
 Armour: Robe              |    21 |    57 |   186 ||   264
         Skin              |       |       |    59 ||    59
  Dodge: Dodged            |    25 |    55 |   195 ||   275

Table legend: (Time is in decaauts)
 A = Elapsed time spent in this place.
 B = Non-inter-level travel time spent in this place.
 C = Inter-level travel time spent in this place.
 D = Time resting spent in this place.
 E = Time spent auto-exploring this place.
 F = Levels seen in this place.
 G = Mean time per level.
                   A        B        C        D        E       F      G
               +--------+--------+--------+--------+--------+-----+--------+
         Total |   6253 |   6016 |    237 |    232 |   4721 |   8 |  781.6 |
       Dungeon |   6252 |   6015 |    237 |    232 |   4721 |   7 |  893.1 |
        Temple |      1 |      1 |      0 |      0 |      0 |   1 |    1.0 |
               +--------+--------+--------+--------+--------+-----+--------+

Top non-repeatable levels by time:
     D:2: 1112 daAuts
     D:6: 1071 daAuts
     D:5: 1070 daAuts
     D:3: 989 daAuts
     D:1: 780 daAuts
     D:4: 737 daAuts
     D:7: 490 daAuts
  Temple: 1 daAuts
